 Dungeon Crawl Stone Soup version 0.24.0-1-gfbc8707122 (webtiles) character file.

Game seed: 18130506226503907373, levelgen mode: classic

2 EnegeticOcto the Gusty (level 1, 0/11 HPs)
             Began as an Octopode Air Elementalist on Oct 27, 2019.
             Slain by a leopard gecko (4 damage)
             ... on level 1 of the Dungeon.
             The game lasted 00:00:06 (120 turns).

EnegeticOcto the Gusty (Octopode Air Elementalist)   Turns: 120, Time: 00:00:07

Health: 0/11       AC:  1    Str:  7    XL:     1   Next: 30%
Magic:  3/3        EV: 13    Int: 17    God:
Gold:   21         SH:  0    Dex: 12    Spells: 3/4 levels left

rFire    . . .     SeeInvis .   (no weapon)
rCold    . . .     Gourm    .   (no shield)
rNeg     . . .     Faith    .   (helmet restricted)
rPois    .         Spirit   .   (no amulet)
rElec    .         Reflect  .   (no ring)
rCorr    .         Harm     .   (no ring)
MR       .....                  (no ring)
Stlth    +++.......             (no ring)
HPRegen  0.03/turn              (no ring)
MPRegen  0.08/turn              (no ring)
                                (no ring)
                                (no ring)

@: no status effects
A: almost no armour, stealthy swim, amphibious, 8 rings, constrict 8, camouflage
1, gelatinous body 1
a: no special abilities


You were on level 1 of the Dungeon.
You were not hungry.

You visited 1 branch of the dungeon, and saw 1 of its levels.

You collected 21 gold pieces.

Inventory:

Potions
 a - a potion of brilliance {unknown}
Comestibles
 e - 2 rations


   Skills:
 + Level 0.2 Fighting
 + Level 2.0 Dodging
 + Level 2.8 Stealth
 - Level 2.0 Spellcasting
 - Level 1.0 Conjurations
 - Level 3.0 Air Magic


You had 3 spell levels left.
You knew the following spells:

 Your Spells              Type           Power        Failure   Level  Hunger
a - Shock                 Conj/Air       #...         9%          1    #......

Your spell library contained the following spells:

 Spells                   Type           Power        Failure   Level  Hunger
 Swiftness                Chrm/Air       #.......     16%         2    ###....
 Static Discharge         Conj/Air       #.......     26%         3    ###....
 Airstrike                Air            ##........   50%         4    #####..
 Lightning Bolt           Conj/Air       #.........   93%         5    ######.


Dungeon Overview and Level Annotations

Branches:
Dungeon (1/15)

Altars:


Innate Abilities, Weirdness & Mutations

You cannot wear most types of armour.
You are very stealthy in the water. (Stealth+)
You are amphibious.
You can wear up to eight rings at the same time.
You can use your tentacles to constrict eight enemies at once.
Your skin changes colour to match your surroundings (Stealth+).
Your rubbery body absorbs attacks. (AC +1, EV +1)


Message History

e - a ration Welcome, EnegeticOcto the Octopode Air Elementalist.
Will you prevail where others failed? Will you find the Orb of Zot?
Press ? for a list of commands and other information.
Found 10 gold pieces, a ruby potion and 12 sling bullets.
Found a staircase leading out of the dungeon.
You now have 10 gold pieces.
a - a ruby potion You open the door.
Found a stone staircase leading down.
There is an open door here.
Found 20 stones.
A bat comes into view.
You see here a ration.
A bat is nearby!
A bat is nearby!
The helpless bat fails to defend itself.
You tentacle-slap the bat. Your grab misses the bat.
The bat is moderately wounded.
The bat closely misses you. The bat closely misses you.
You closely miss the bat. Your grab misses the bat.
The bat is moderately wounded.
The bat hits you but does no damage.
A bat is nearby!
A bat is nearby!
The bat hits you but does no damage.
You closely miss the bat. Your grab misses the bat. The bat barely misses you.
The bat barely misses you. The bat closely misses you.
You closely miss the bat. Your grab misses the bat. You squeeze the bat.
You kill the bat!
No target in view!
No target in view!
No target in view!
No target in view!
No target in view!
No target in view!
e - 2 rations (gained 1)
You now have 21 gold pieces (gained 11).
A leopard gecko comes into view.
A leopard gecko is nearby!
The leopard gecko hisses angrily.
A bat comes into view.
Found 6 gold pieces.
Found a stone staircase leading down.
The bat misses you. The leopard gecko barely misses you.
You tentacle-slap the leopard gecko but do no damage.
Your grab misses the leopard gecko. The bat barely misses you.
The bat closely misses you. The leopard gecko barely misses you.
You tentacle-slap the bat but do no damage.
You grab the bat. You constrict the bat. The bat completely misses you.
The bat closely misses you. The leopard gecko bites you.
You tentacle-slap the bat.
You kill the bat!
The leopard gecko bites you. x2
You die...

.#.### .#.... ......#
.#..# #.....# ....#
#.....# ...# #.....#####
...# #.......... ...####
#.........
......#######.....######
................@l....>.
#.###.#######.#.........
..............#.#.##....
#.####.#####.####.# .$.
#.####..###...# .# .
#........###.## ..
#........# ... .#
#........# #.# ..
#.######.# ...


You could see a leopard gecko.

Vanquished Creatures
  2 bats (D:1)
2 creatures vanquished.

Notes
Turn   | Place    | Note
-------+----------+-------------------------------------------
     0 | D:1      | EnegeticOcto the Octopode Air Elementalist began the quest
                  | for the Orb.
     0 | D:1      | Reached XP level 1. HP: 11/11 MP: 3/3
   120 | D:1      | Slain by a leopard gecko

Levels and vault maps discovered:
D:1:      dpeg_arrival_subterranean_lakeside_camping, layout_basic,
          minmay_misc_feat_hallway

Action                   || total
-------------------------++-------
Melee: Unarmed           ||     7
       Constrict         ||     1
       Tentacles         ||     1
 Stab: Sleeping          ||     1
Armor: Skin              ||     2
Dodge: Dodged            ||    12
